AoeStats
← 虫二

Black Forest

509033110Analyzed
4v4 RM · 6d ago on Sep 25, 2026· 69m 36s· 8 players
Game mode
Random Map
Map size
Large (8 player)
Population
200
Speed
Normal
Resources
Standard
Victory
Conquest
Starting age
Dark Age
Ending age
Imperial Age
RankedLock teamsTeams togetherTeam positionsShared explorationLock speedFull tech treeHidden civsTurbo modeCheats
Victory
Defeat
🇨🇳 Saxons · China
1001
+3
🇨🇳 Vietnamese · China
942
+17
🇺🇸 Danes · United States
933
+4
🇨🇳 Varangians · China
710
+9
🇨🇳 Franks · China
600
-5
🇦🇷 Celts · Argentina
596
-6
🇮🇳 Lithuanians · India
585
-5
🇫🇷 Britons · France
563
-4
Rob1
8:22 Loom
12:06 Feudal Age
12:31 Horse Collar
13:52 Double-Bit Axe
20:38 Stone Mining
20:39 Gold Mining
22:53 Castle Age
27:28 Crossbowman
29:02 Bow Saw
29:33 Gold Shaft Mining
35:37 Imperial Age
33:36 Padded Archer Armor
33:27 Fletching
34:44 Leather Archer Armor
36:29 Bodkin Arrow
37:33 Arbalester
40:46 Conscription
41:24 Elite Longbowman
43:50 Heated Shot
44:21 Ballistics
45:01 Chemistry
53:13 Bracer
57:54 Ring Archer Armor
58:16 Yeomen
1961861699
11:50 Feudal Age
16:00 Castle Age
14:04 Double-Bit Axe
18:19 Fishing Lines
20:37 Loom
21:35 Wheelbarrow
22:34 Hand Cart
24:15 Gillnets
28:49 Bow Saw
29:36 Gold Mining
31:50 Gold Shaft Mining
33:52 Imperial Age
33:26 Stone Mining
35:47 Forging
35:42 Scale Barding Armor
36:31 Conscription
36:11 Chivalry
37:07 Iron Casting
36:37 Husbandry
35:58 Cavalier
37:17 Caravan
38:24 Chain Barding Armor
37:35 Paladin
40:25 Plate Barding Armor
40:51 Blast Furnace
41:28 Treadmill Crane
41:59 Masonry
41:56 Siege Engineers
42:12 Ballistics
42:53 Chemistry
41:48 Murder Holes
42:10 Scale Mail Armor
43:01 Clinker Construction
43:14 Elite Throwing Axeman
51:44 Architecture
51:35 Carvel Hull
50:54 Onager
52:42 Chain Mail Armor
$$El TinkiWinki$$
10:46 Loom
12:59 Feudal Age
15:12 Double-Bit Axe
16:59 Horse Collar
19:15 Wheelbarrow
22:42 Town Watch
25:08 Castle Age
23:22 Arson
26:13 Pikeman
28:10 Stronghold
28:40 Gambesons
29:04 Fishing Lines
31:23 Bow Saw
37:00 Imperial Age
35:08 Husbandry
38:50 Fortified Wall
39:41 Chemistry
40:42 Caravan
41:03 Murder Holes
42:54 Town Watch
43:15 Gillnets
45:06 Forging
44:56 Scale Mail Armor
48:34 Iron Casting
48:14 Chain Mail Armor
48:51 Man-at-Arms
51:07 Stone Mining
54:48 Long Swordsman
54:49 Halberdier
55:39 Heavy Scorpion
Asmo
2:50 Loom
12:51 Feudal Age
21:08 Castle Age
19:45 Wheelbarrow
20:57 Scale Barding Armor
21:04 Forging
27:38 Double-Bit Axe
31:33 Chain Barding Armor
31:51 Iron Casting
31:44 Stone Mining
31:46 Gold Mining
33:11 Horse Collar
34:12 Caravan
34:49 Fishing Lines
36:17 Husbandry
36:28 Bloodlines
37:21 Gillnets
38:12 Bow Saw
41:52 Imperial Age
39:39 Hand Cart
39:11 Town Watch
39:56 Heavy Plow
43:19 Stone Shaft Mining
44:00 Cavalier
45:23 Plate Barding Armor
47:44 Paladin
52:54 Conscription
53:11 Hoardings
eric_the_red121
3:36 Loom
12:58 Feudal Age
13:29 Horse Collar
13:42 Double-Bit Axe
15:50 Wheelbarrow
16:10 Forging
19:12 Castle Age
18:31 Arson
20:23 Hand Cart
22:04 Stone Mining
23:35 Bow Saw
24:02 Man-at-Arms
24:28 Gambesons
26:27 Town Watch
27:03 Long Swordsman
27:46 Squires
30:48 Iron Casting
30:13 Scale Mail Armor
30:04 Fletching
30:15 Padded Archer Armor
35:33 Imperial Age
34:36 Ballistics
35:36 Hamask
35:45 Two-Handed Swordsman
36:05 Hamask
36:12 Elite Jomsviking
36:29 Capped Ram
37:47 Champion
40:33 Chemistry
39:45 Heavy Scorpion
44:22 Blast Furnace
43:38 Chain Mail Armor
43:28 Scale Barding Armor
43:19 Bodkin Arrow
43:39 Leather Archer Armor
45:19 Elite Skirmisher
46:25 Imperial Skirmisher
47:17 Pikeman
49:23 Bracer
50:24 Murder Holes
51:08 Halberdier
53:32 Plate Mail Armor
53:21 Onager
57:39 Northmen's Fury
60:18 Siege Onager
62:29 Ring Archer Armor
62:19 Chain Barding Armor
64:38 Siege Ram
OceAN
4:38 Loom
11:42 Feudal Age
19:40 Castle Age
20:04 Castle Age
20:09 Castle Age
20:16 Castle Age
21:12 Castle Age
19:47 Horse Collar
19:55 Double-Bit Axe
20:06 Gold Mining
20:09 Stone Mining
20:37 Forging
21:44 Scale Mail Armor
21:51 Scale Barding Armor
26:52 Bloodlines
31:08 Imperial Age
29:52 Bow Saw
31:09 Heavy Plow
33:39 Elite Jarl
34:52 Conscription
35:47 Two-Man Saw
34:34 Fishing Lines
35:42 Iron Casting
39:21 Chemistry
40:01 Blast Furnace
39:48 Elite Skirmisher
41:04 Chain Barding Armor
40:30 Imperial Skirmisher
40:42 Pikeman
41:26 Husbandry
41:35 Gillnets
42:22 Halberdier
44:05 Scale Mail Armor
45:53 Wheelbarrow
49:09 Chain Mail Armor
50:25 Plate Barding Armor
55:20 Plate Mail Armor
57:42 Hand Cart
60:28 Gambesons
60:20 Gothikon
62:18 Elite Varangian Guard
62:45 Arson
63:01 Squires
Wenxiaoguo
15:39 Feudal Age
17:00 Wheelbarrow
17:59 Horse Collar
19:39 Double-Bit Axe
21:41 Loom
29:00 Castle Age
27:54 Fletching
28:22 Forging
28:26 Arson
30:11 Hand Cart
35:49 Iron Casting
35:22 Bodkin Arrow
37:21 Stone Mining
37:23 Gold Mining
38:29 Iron Casting
38:04 Scale Mail Armor
38:08 Padded Archer Armor
40:30 Elite Skirmisher
45:32 Bow Saw
46:02 Stone Shaft Mining
47:58 Pikeman
48:39 Squires
虫二
12:04 Feudal Age
16:34 Wheelbarrow
18:35 Castle Age
17:31 Horse Collar
17:41 Double-Bit Axe
18:22 Stone Mining
18:47 Gold Mining
20:06 Bow Saw
20:19 Heavy Plow
22:28 Gold Shaft Mining
21:58 Gambesons
26:05 Forging
25:56 Scale Mail Armor
26:40 Treadmill Crane
27:40 Hand Cart
27:58 Town Watch
29:06 Pikeman
29:32 Arson
29:50 Squires
30:05 Fortified Wall
31:47 Chain Mail Armor
32:07 Iron Casting
32:36 Masonry
33:48 Thumb Ring
34:11 Fletching
34:21 Padded Archer Armor
36:57 Imperial Age
34:56 Town Patrol
37:12 Ballistics
36:52 Bodkin Arrow
37:12 Leather Archer Armor
38:19 Crop Rotation
38:51 Two-Man Saw
38:25 Architecture
38:10 Siege Engineers
38:42 Conscription
37:47 Elite Hearth Troop
38:31 Elite Varangian Guard
38:52 Cranequins
39:10 Shield Wall
41:29 Plate Mail Armor
41:00 Bracer
41:31 Ring Archer Armor
42:13 Heavy Mounted Crossbowman
43:13 Scale Barding Armor
44:17 Loom
44:30 Murder Holes
45:38 Chemistry
44:25 Arrowslits
45:59 Hoardings
47:56 Halberdier
53:24 Capped Ram
55:32 Siege Ram
63:49 Chain Barding Armor
63:32 Caravan
63:43 Guilds
Connection lost

Rejoining the realm…

Still unreachable

The connection could not be restored.

Session expired

The server has moved on; the page needs a fresh start.